cohdb
Replays
Latest Replays
All Replays
Popular Replays
Top Player Replays
Match Explorer
How It Works
Community
CoH3 Stats
Reddit
Sign in to upload your games and track your stats! →
Sign in with Steam
Match 41724684
Unlisted
Match 41724684
Overview
Messages
Build Orders
End
Pioneer Squad
Construct Infanterie Kompanie
Selects Breakthrough Battlegroup
Selects Breakthrough Battlegroup
Selects Breakthrough Battlegroup
Selects Assault Grenadiers
MG 42 Machine Gun Team
Grenadier Squad
Grenadier Squad
Infanterie Officer Quarters
Construct Luftwaffe Kompanie
Flak 30 Anti-aircraft Gun Team
Selects Rapid Production
221 Scout Car
221 Scout Car
Flak 30 Anti-aircraft Gun Team
Kettenkrad Recon Vehicle
Medical Station
就是瞎掰
HulkSMASH
0
0
Comments
sign in to comment!
No comments posted yet!